Workbook

Sheet Ingresos
A1: Libro de ingresos
A2: Facturas emitidas · una fila por factura
A4: Nº factura | B4: Fecha | C4: Cliente | D4: NIF | E4: Concepto | F4: Base imponible | G4: IVA | H4: Cuota IVA | I4: Total | J4: Trimestre | K4: Año
A5: 2026-001 | B5: 46042 | C5: Estudio Norte, S.L. | D5: B83456780 | E5: Diseño de identidad corporativa | F5: 1500 | G5: 0.21 | H5: =IF(F5="",0,ROUND(F5*G5,2)) | I5: =IF(F5="",0,F5+H5) | J5: =IF(B5="",0,INT((MONTH(B5)+2)/3)) | K5: =IF(B5="",0,YEAR(B5))
A6: 2026-002 | B6: 46070 | C6: Bodegas Ribera Alta, S.A. | D6: A28456788 | E6: Etiquetas vino cosecha 2025 | F6: 980 | G6: 0.21 | H6: =IF(F6="",0,ROUND(F6*G6,2)) | I6: =IF(F6="",0,F6+H6) | J6: =IF(B6="",0,INT((MONTH(B6)+2)/3)) | K6: =IF(B6="",0,YEAR(B6))
A7: 2026-003 | B7: 46091 | C7: Clínica Dental Sonrisa, S.L. | D7: B41122334 | E7: Web corporativa | F7: 2400 | G7: 0.21 | H7: =IF(F7="",0,ROUND(F7*G7,2)) | I7: =IF(F7="",0,F7+H7) | J7: =IF(B7="",0,INT((MONTH(B7)+2)/3)) | K7: =IF(B7="",0,YEAR(B7))
A8: 2026-004 | B8: 46134 | C8: Hotel Mirador del Mar, S.A. | D8: A28456788 | E8: Folletos y cartelería | F8: 760 | G8: 0.21 | H8: =IF(F8="",0,ROUND(F8*G8,2)) | I8: =IF(F8="",0,F8+H8) | J8: =IF(B8="",0,INT((MONTH(B8)+2)/3)) | K8: =IF(B8="",0,YEAR(B8))
A9: 2026-005 | B9: 46160 | C9: Estudio Norte, S.L. | D9: B83456780 | E9: Campaña redes sociales | F9: 1100 | G9: 0.21 | H9: =IF(F9="",0,ROUND(F9*G9,2)) | I9: =IF(F9="",0,F9+H9) | J9: =IF(B9="",0,INT((MONTH(B9)+2)/3)) | K9: =IF(B9="",0,YEAR(B9))
A10: 2026-006 | B10: 46212 | C10: Bodegas Ribera Alta, S.A. | D10: A28456788 | E10: Catálogo de productos | F10: 1850 | G10: 0.21 | H10: =IF(F10="",0,ROUND(F10*G10,2)) | I10: =IF(F10="",0,F10+H10) | J10: =IF(B10="",0,INT((MONTH(B10)+2)/3)) | K10: =IF(B10="",0,YEAR(B10))
A11: 2026-007 | B11: 46279 | C11: Clínica Dental Sonrisa, S.L. | D11: B41122334 | E11: Rotulación y señalética | F11: 640 | G11: 0.21 | H11: =IF(F11="",0,ROUND(F11*G11,2)) | I11: =IF(F11="",0,F11+H11) | J11: =IF(B11="",0,INT((MONTH(B11)+2)/3)) | K11: =IF(B11="",0,YEAR(B11))
A12: 2026-008 | B12: 46301 | C12: Hotel Mirador del Mar, S.A. | D12: A28456788 | E12: Mantenimiento web | F12: 300 | G12: 0.21 | H12: =IF(F12="",0,ROUND(F12*G12,2)) | I12: =IF(F12="",0,F12+H12) | J12: =IF(B12="",0,INT((MONTH(B12)+2)/3)) | K12: =IF(B12="",0,YEAR(B12))
H13: =IF(F13="",0,ROUND(F13*G13,2)) | I13: =IF(F13="",0,F13+H13) | J13: =IF(B13="",0,INT((MONTH(B13)+2)/3)) | K13: =IF(B13="",0,YEAR(B13))
H14: =IF(F14="",0,ROUND(F14*G14,2)) | I14: =IF(F14="",0,F14+H14) | J14: =IF(B14="",0,INT((MONTH(B14)+2)/3)) | K14: =IF(B14="",0,YEAR(B14))
H15: =IF(F15="",0,ROUND(F15*G15,2)) | I15: =IF(F15="",0,F15+H15) | J15: =IF(B15="",0,INT((MONTH(B15)+2)/3)) | K15: =IF(B15="",0,YEAR(B15))
H16: =IF(F16="",0,ROUND(F16*G16,2)) | I16: =IF(F16="",0,F16+H16) | J16: =IF(B16="",0,INT((MONTH(B16)+2)/3)) | K16: =IF(B16="",0,YEAR(B16))
H17: =IF(F17="",0,ROUND(F17*G17,2)) | I17: =IF(F17="",0,F17+H17) | J17: =IF(B17="",0,INT((MONTH(B17)+2)/3)) | K17: =IF(B17="",0,YEAR(B17))
H18: =IF(F18="",0,ROUND(F18*G18,2)) | I18: =IF(F18="",0,F18+H18) | J18: =IF(B18="",0,INT((MONTH(B18)+2)/3)) | K18: =IF(B18="",0,YEAR(B18))
H19: =IF(F19="",0,ROUND(F19*G19,2)) | I19: =IF(F19="",0,F19+H19) | J19: =IF(B19="",0,INT((MONTH(B19)+2)/3)) | K19: =IF(B19="",0,YEAR(B19))
H20: =IF(F20="",0,ROUND(F20*G20,2)) | I20: =IF(F20="",0,F20+H20) | J20: =IF(B20="",0,INT((MONTH(B20)+2)/3)) | K20: =IF(B20="",0,YEAR(B20))
H21: =IF(F21="",0,ROUND(F21*G21,2)) | I21: =IF(F21="",0,F21+H21) | J21: =IF(B21="",0,INT((MONTH(B21)+2)/3)) | K21: =IF(B21="",0,YEAR(B21))
H22: =IF(F22="",0,ROUND(F22*G22,2)) | I22: =IF(F22="",0,F22+H22) | J22: =IF(B22="",0,INT((MONTH(B22)+2)/3)) | K22: =IF(B22="",0,YEAR(B22))
H23: =IF(F23="",0,ROUND(F23*G23,2)) | I23: =IF(F23="",0,F23+H23) | J23: =IF(B23="",0,INT((MONTH(B23)+2)/3)) | K23: =IF(B23="",0,YEAR(B23))
H24: =IF(F24="",0,ROUND(F24*G24,2)) | I24: =IF(F24="",0,F24+H24) | J24: =IF(B24="",0,INT((MONTH(B24)+2)/3)) | K24: =IF(B24="",0,YEAR(B24))
... H104: =IF(F104="",0,ROUND(F104*G104,2)) | I104: =IF(F104="",0,F104+H104) | J104: =IF(B104="",0,INT((MONTH(B104)+2)/3)) | K104: =IF(B104="",0,YEAR(B104))
E105: TOTAL | F105: =SUM(F5:F104) | H105: =SUM(H5:H104) | I105: =SUM(I5:I104)
A107: Plantilla gratuita de plantillasdeexcel.es

Sheet Gastos
A1: Libro de gastos
A2: Facturas recibidas · anota solo gastos deducibles
A4: Nº factura | B4: Fecha | C4: Proveedor | D4: NIF | E4: Concepto | F4: Base imponible | G4: IVA | H4: Cuota IVA | I4: Total | J4: Trimestre | K4: Año
A5: F-8812 | B5: 46037 | C5: Software Diseño Digital, S.L. | D5: B35566777 | E5: Licencia software de diseño | F5: 60.5 | G5: 0.21 | H5: =IF(F5="",0,ROUND(F5*G5,2)) | I5: =IF(F5="",0,F5+H5) | J5: =IF(B5="",0,INT((MONTH(B5)+2)/3)) | K5: =IF(B5="",0,YEAR(B5))
A6: A-2231 | B6: 46056 | C6: Papelería Técnica Cruz, S.L. | D6: B28123455 | E6: Papel y material de impresión | F6: 145 | G6: 0.21 | H6: =IF(F6="",0,ROUND(F6*G6,2)) | I6: =IF(F6="",0,F6+H6) | J6: =IF(B6="",0,INT((MONTH(B6)+2)/3)) | K6: =IF(B6="",0,YEAR(B6))
A7: T-0155 | B7: 46086 | C7: Telefónica de España, S.A.U. | D7: A82018474 | E7: Móvil e internet (trimestre) | F7: 96 | G7: 0.21 | H7: =IF(F7="",0,ROUND(F7*G7,2)) | I7: =IF(F7="",0,F7+H7) | J7: =IF(B7="",0,INT((MONTH(B7)+2)/3)) | K7: =IF(B7="",0,YEAR(B7))
A8: G-0310 | B8: 46112 | C8: Gestoría Pérez y Asociados, S.L. | D8: B28456788 | E8: Asesoría fiscal 1T | F8: 210 | G8: 0.21 | H8: =IF(F8="",0,ROUND(F8*G8,2)) | I8: =IF(F8="",0,F8+H8) | J8: =IF(B8="",0,INT((MONTH(B8)+2)/3)) | K8: =IF(B8="",0,YEAR(B8))
A9: C-0412 | B9: 46113 | C9: Cowork Centro Madrid, S.L. | D9: B09876541 | E9: Puesto de coworking abril | F9: 190 | G9: 0.21 | H9: =IF(F9="",0,ROUND(F9*G9,2)) | I9: =IF(F9="",0,F9+H9) | J9: =IF(B9="",0,INT((MONTH(B9)+2)/3)) | K9: =IF(B9="",0,YEAR(B9))
A10: F-9120 | B10: 46157 | C10: Software Diseño Digital, S.L. | D10: B35566777 | E10: Licencia software de diseño | F10: 60.5 | G10: 0.21 | H10: =IF(F10="",0,ROUND(F10*G10,2)) | I10: =IF(F10="",0,F10+H10) | J10: =IF(B10="",0,INT((MONTH(B10)+2)/3)) | K10: =IF(B10="",0,YEAR(B10))
A11: G-0722 | B11: 46203 | C11: Gestoría Pérez y Asociados, S.L. | D11: B28456788 | E11: Asesoría fiscal 2T | F11: 210 | G11: 0.21 | H11: =IF(F11="",0,ROUND(F11*G11,2)) | I11: =IF(F11="",0,F11+H11) | J11: =IF(B11="",0,INT((MONTH(B11)+2)/3)) | K11: =IF(B11="",0,YEAR(B11))
A12: C-0733 | B12: 46204 | C12: Cowork Centro Madrid, S.L. | D12: B09876541 | E12: Puesto de coworking julio | F12: 190 | G12: 0.21 | H12: =IF(F12="",0,ROUND(F12*G12,2)) | I12: =IF(F12="",0,F12+H12) | J12: =IF(B12="",0,INT((MONTH(B12)+2)/3)) | K12: =IF(B12="",0,YEAR(B12))
A13: A-3980 | B13: 46275 | C13: Papelería Técnica Cruz, S.L. | D13: B28123455 | E13: Material de oficina | F13: 88 | G13: 0.21 | H13: =IF(F13="",0,ROUND(F13*G13,2)) | I13: =IF(F13="",0,F13+H13) | J13: =IF(B13="",0,INT((MONTH(B13)+2)/3)) | K13: =IF(B13="",0,YEAR(B13))
A14: G-1105 | B14: 46295 | C14: Gestoría Pérez y Asociados, S.L. | D14: B28456788 | E14: Asesoría fiscal 3T | F14: 210 | G14: 0.21 | H14: =IF(F14="",0,ROUND(F14*G14,2)) | I14: =IF(F14="",0,F14+H14) | J14: =IF(B14="",0,INT((MONTH(B14)+2)/3)) | K14: =IF(B14="",0,YEAR(B14))
H15: =IF(F15="",0,ROUND(F15*G15,2)) | I15: =IF(F15="",0,F15+H15) | J15: =IF(B15="",0,INT((MONTH(B15)+2)/3)) | K15: =IF(B15="",0,YEAR(B15))
H16: =IF(F16="",0,ROUND(F16*G16,2)) | I16: =IF(F16="",0,F16+H16) | J16: =IF(B16="",0,INT((MONTH(B16)+2)/3)) | K16: =IF(B16="",0,YEAR(B16))
H17: =IF(F17="",0,ROUND(F17*G17,2)) | I17: =IF(F17="",0,F17+H17) | J17: =IF(B17="",0,INT((MONTH(B17)+2)/3)) | K17: =IF(B17="",0,YEAR(B17))
H18: =IF(F18="",0,ROUND(F18*G18,2)) | I18: =IF(F18="",0,F18+H18) | J18: =IF(B18="",0,INT((MONTH(B18)+2)/3)) | K18: =IF(B18="",0,YEAR(B18))
H19: =IF(F19="",0,ROUND(F19*G19,2)) | I19: =IF(F19="",0,F19+H19) | J19: =IF(B19="",0,INT((MONTH(B19)+2)/3)) | K19: =IF(B19="",0,YEAR(B19))
H20: =IF(F20="",0,ROUND(F20*G20,2)) | I20: =IF(F20="",0,F20+H20) | J20: =IF(B20="",0,INT((MONTH(B20)+2)/3)) | K20: =IF(B20="",0,YEAR(B20))
H21: =IF(F21="",0,ROUND(F21*G21,2)) | I21: =IF(F21="",0,F21+H21) | J21: =IF(B21="",0,INT((MONTH(B21)+2)/3)) | K21: =IF(B21="",0,YEAR(B21))
H22: =IF(F22="",0,ROUND(F22*G22,2)) | I22: =IF(F22="",0,F22+H22) | J22: =IF(B22="",0,INT((MONTH(B22)+2)/3)) | K22: =IF(B22="",0,YEAR(B22))
H23: =IF(F23="",0,ROUND(F23*G23,2)) | I23: =IF(F23="",0,F23+H23) | J23: =IF(B23="",0,INT((MONTH(B23)+2)/3)) | K23: =IF(B23="",0,YEAR(B23))
H24: =IF(F24="",0,ROUND(F24*G24,2)) | I24: =IF(F24="",0,F24+H24) | J24: =IF(B24="",0,INT((MONTH(B24)+2)/3)) | K24: =IF(B24="",0,YEAR(B24))
H25: =IF(F25="",0,ROUND(F25*G25,2)) | I25: =IF(F25="",0,F25+H25) | J25: =IF(B25="",0,INT((MONTH(B25)+2)/3)) | K25: =IF(B25="",0,YEAR(B25))
H26: =IF(F26="",0,ROUND(F26*G26,2)) | I26: =IF(F26="",0,F26+H26) | J26: =IF(B26="",0,INT((MONTH(B26)+2)/3)) | K26: =IF(B26="",0,YEAR(B26))
... H104: =IF(F104="",0,ROUND(F104*G104,2)) | I104: =IF(F104="",0,F104+H104) | J104: =IF(B104="",0,INT((MONTH(B104)+2)/3)) | K104: =IF(B104="",0,YEAR(B104))
E105: TOTAL | F105: =SUM(F5:F104) | H105: =SUM(H5:H104) | I105: =SUM(I5:I104)
A107: Plantilla gratuita de plantillasdeexcel.es

Sheet Resumen
A1: Resumen trimestral
A2: Se calcula solo a partir de las hojas Ingresos y Gastos
A3: Año | B3: 2026
A5: Trimestre | B5: Base ingresos | C5: IVA repercutido | D5: Base gastos | E5: IVA soportado | F5: IVA a ingresar | G5: Resultado (base)
A6: 1.º trimestre | B6: =SUMIFS(Ingresos!$F$5:$F$104,Ingresos!$J$5:$J$104,1,Ingresos!$K$5:$K$104,$B$3) | C6: =SUMIFS(Ingresos!$H$5:$H$104,Ingresos!$J$5:$J$104,1,Ingresos!$K$5:$K$104,$B$3) | D6: =SUMIFS(Gastos!$F$5:$F$104,Gastos!$J$5:$J$104,1,Gastos!$K$5:$K$104,$B$3) | E6: =SUMIFS(Gastos!$H$5:$H$104,Gastos!$J$5:$J$104,1,Gastos!$K$5:$K$104,$B$3) | F6: =C6-E6 | G6: =B6-D6
A7: 2.º trimestre | B7: =SUMIFS(Ingresos!$F$5:$F$104,Ingresos!$J$5:$J$104,2,Ingresos!$K$5:$K$104,$B$3) | C7: =SUMIFS(Ingresos!$H$5:$H$104,Ingresos!$J$5:$J$104,2,Ingresos!$K$5:$K$104,$B$3) | D7: =SUMIFS(Gastos!$F$5:$F$104,Gastos!$J$5:$J$104,2,Gastos!$K$5:$K$104,$B$3) | E7: =SUMIFS(Gastos!$H$5:$H$104,Gastos!$J$5:$J$104,2,Gastos!$K$5:$K$104,$B$3) | F7: =C7-E7 | G7: =B7-D7
A8: 3.º trimestre | B8: =SUMIFS(Ingresos!$F$5:$F$104,Ingresos!$J$5:$J$104,3,Ingresos!$K$5:$K$104,$B$3) | C8: =SUMIFS(Ingresos!$H$5:$H$104,Ingresos!$J$5:$J$104,3,Ingresos!$K$5:$K$104,$B$3) | D8: =SUMIFS(Gastos!$F$5:$F$104,Gastos!$J$5:$J$104,3,Gastos!$K$5:$K$104,$B$3) | E8: =SUMIFS(Gastos!$H$5:$H$104,Gastos!$J$5:$J$104,3,Gastos!$K$5:$K$104,$B$3) | F8: =C8-E8 | G8: =B8-D8
A9: 4.º trimestre | B9: =SUMIFS(Ingresos!$F$5:$F$104,Ingresos!$J$5:$J$104,4,Ingresos!$K$5:$K$104,$B$3) | C9: =SUMIFS(Ingresos!$H$5:$H$104,Ingresos!$J$5:$J$104,4,Ingresos!$K$5:$K$104,$B$3) | D9: =SUMIFS(Gastos!$F$5:$F$104,Gastos!$J$5:$J$104,4,Gastos!$K$5:$K$104,$B$3) | E9: =SUMIFS(Gastos!$H$5:$H$104,Gastos!$J$5:$J$104,4,Gastos!$K$5:$K$104,$B$3) | F9: =C9-E9 | G9: =B9-D9
A10: TOTAL AÑO | B10: =SUM(B6:B9) | C10: =SUM(C6:C9) | D10: =SUM(D6:D9) | E10: =SUM(E6:E9) | F10: =SUM(F6:F9) | G10: =SUM(G6:G9)
A12: Rendimiento neto del año | B12: =G10
A13: Margen sobre ingresos | B13: =IFERROR(G10/B10,0)
A15: Orientativo: el IVA a ingresar real y el IRPF dependen de tu régimen. Confirma con Hacienda o tu gestoría.
A17: Plantilla gratuita de plantillasdeexcel.es
